 Dungeon Crawl Stone Soup version 0.27.1-4-g1640c2035a (webtiles) character file.

Game seed: 16867060038506826372

234 scsoc the Skirmisher (level 6, -2/56 HPs)
             Began as a Hill Orc Fighter on Nov 17, 2021.
             Slain by Pikel (6 damage)
             ... on level 4 of the Dungeon.
             The game lasted 00:08:00 (4040 turns).

scsoc the Skirmisher (Hill Orc Fighter)             Turns: 4040, Time: 00:08:01

Health: -2/56      AC: 10    Str: 21    XL:     6   Next: 5%
Magic:  6/6        EV:  6    Int:  8    God:
Gold:   284        SH:  9    Dex: 10    Spells: 5/5 levels left

rFire    . . .     SeeInvis .   a - +0 war axe
rCold    . . .     Faith    .   c - +0 kite shield
rNeg     + . .     Spirit   .   m - +1 chain mail {rN+}
rPois    .         Reflect  .   (no helmet)
rElec    .         Harm     .   (no cloak)
rCorr    .         Rampage  .   (no gloves)
Will     .....                  (no boots)
Stlth    ..........             (no amulet)
HPRegen  0.18/turn              (no ring)
MPRegen  0.10/turn              (no ring)

@: mighty
A: no striking features
a: no special abilities


You were on level 4 of the Dungeon.
You visited 1 branch of the dungeon, and saw 4 of its levels.
You also visited: Sewer.

You collected 284 gold pieces.

Inventory:

Hand Weapons
 a - a +0 war axe (weapon)
Armour
 c - a +0 kite shield (worn)
 m - a +1 chain mail of positive energy (worn)
Wands
 o - a wand of flame (11)
Scrolls
 b - a scroll of teleportation
 e - a scroll of enchant weapon {unknown}
 j - a scroll of amnesia
 l - a scroll of noise {unknown}
 p - a scroll of enchant armour {unknown}
 q - a scroll of summoning {unknown}
 r - a scroll of magic mapping {unknown}
 t - 2 scrolls of identify
Potions
 d - 2 potions of might
 f - a potion of haste
 g - 3 potions of heal wounds
 h - a potion of attraction
 i - a potion of curing {unknown}
 k - a potion of mutation {unknown}
 n - a potion of lignification {unknown}
 s - a potion of invisibility {unknown}


   Skills:
 + Level 5.0 Fighting
 + Level 4.8 Axes
 + Level 4.3 Armour
 + Level 1.0 Dodging
 + Level 4.2 Shields


You had 5 spell levels left.
You didn't know any spells.
Your spell library contained the following spells:

 Spells                   Type           Power      Damage    Failure   Level
 Magic Dart               Conj           0%         1d3       100%        1
 Searing Ray              Conj           0%         3d3       100%        2
 Fulminant Prism          Conj/Hex       0%         3d6       100%        4


Dungeon Overview and Level Annotations

Branches:
Dungeon (4/15)             Temple (0/1) D:4           Sewer (visited)

Altars:

Shops:
D:2 (=:[(

Annotations:
D:4 Pikel


Message History

You are too injured to fight recklessly!
You are too injured to fight recklessly!
You are too injured to fight recklessly!
You feel very mighty all of a sudden. The ufetubus hits you.
You block the ufetubus's attack. The lemure hits you.
Pikel hits you with a +2 whip of flaming.
* * * LOW HITPOINT WARNING * * *
Pikel burns you.
* * * LOW HITPOINT WARNING * * *
You block the ufetubus's attack. x2
You feel much better. You block the ogre's attack.
The ufetubus closely misses you. You block the ufetubus's attack.
You block the lemure's attack. You block Pikel's attack.
You closely miss the lemure.
The lemure is moderately wounded.
You miss Pikel. You slash the ogre! You miss the ufetubus.
The ufetubus hits you but does no damage.
The ufetubus completely misses you. You block the ogre's attack.
The ufetubus closely misses you.
The ufetubus hits you but does no damage.
The lemure hits you but does no damage.
Pikel hits you with a +2 whip of flaming!
Pikel burns you.
You closely miss the lemure.
The lemure is moderately wounded.
You closely miss the ufetubus. You hit the ogre. You hit Pikel.
You block the ufetubus's attack.
The ufetubus hits you but does no damage.
The ogre hits you with a +0 giant spiked club!
* * * LOW HITPOINT WARNING * * *
You block the lemure's attack.
Pikel hits you with a +2 whip of flaming.
* * * LOW HITPOINT WARNING * * *
Pikel burns you.
* * * LOW HITPOINT WARNING * * *
The ufetubus barely misses you.
The ufetubus hits you but does no damage.
The lemure hits you but does no damage.
Pikel hits you with a +2 whip of flaming.
You die...

# .#. # ## (#. #
.. .. # .## ##O# #
.. ... # #. #.# #
#
.(####K###.##.#.##
#
(.....5@O.........
#
########5#.######
# #...# # ###.# #
#.# # #.# .#
#######.####.#
#..≈.........#
#.##≈≈≈≈≈##..# #


You could see Pikel, an ogre, a lemure and an ufetubus.

Vanquished Creatures
  A water moccasin skeleton (D:4)
  A hound skeleton (D:4)
  3 adders
  4 river rats
  3 worms
  5 dart slugs
  8 bats
  6 endoplasms
  8 giant cockroaches
  7 goblins
  2 hobgoblins (D:1)
  6 quokkas
  14 ball pythons
  6 frilled lizards
  5 kobolds
  15 rats
94 creatures vanquished.

Vanquished Creatures (others)
  A plant (D:1)
1 creature vanquished.

Grand Total: 95 creatures vanquished

Notes
Turn   | Place    | Note
-------+----------+-------------------------------------------
     0 | D:1      | scsoc the Hill Orc Fighter began the quest for the Orb.
     0 | D:1      | Reached XP level 1. HP: 19/19 MP: 1/1
   116 | D:1      | Reached XP level 2. HP: 27/27 MP: 2/2
   258 | D:1      | Reached skill level 4 in Fighting
   266 | D:1      | Found a faded altar of an unknown god.
   387 | D:1      | Reached XP level 3. HP: 22/33 MP: 3/3
  1178 | D:2      | Found Baogebyff's Book Shop.
  1351 | D:2      | Found Vufaguoz's Weapon Shop.
  1449 | D:2      | Reached XP level 4. HP: 35/40 MP: 4/4
  1509 | D:2      | Found Xudid's Jewellery Shoppe.
  1545 | D:2      | Found Ipue's Antique Armour Shoppe.
  1713 | D:2      | Found Husat's Weapon Emporium.
  3358 | D:4      | Found a staircase to the Ecumenical Temple.
  3479 | D:4      | Found a glowing drain.
  3493 | D:4      | Reached XP level 5. HP: 29/47 MP: 5/5
  3577 | Sewer    | Entered a sewer
  3689 | Sewer    | Reached skill level 1 in Dodging
  4020 | D:4      | Reached skill level 5 in Fighting
  4020 | D:4      | Reached XP level 6. HP: 56/56 MP: 6/6
  4033 | D:4      | Noticed Pikel
  4040 | D:4      | Slain by Pikel

Illustrated notes

Levels and vault maps discovered:
D:1:      scummos_arrival_hexagon, layout_loops_ring,
          shapermc_ecumenical_altar_acropolis
D:2:      layout_loops_ring, serial_shops, shop, shop_statue, shop, shop_coins,
          nicolae_shop_window_shopping
D:3:      layout_loops_corners
D:4:      layout_basic, minmay_temple_entry_tees, cheibrodos_sewer_entry_sluice,
          minmay_diced_spiral, uniq_robin, uniq_pikel

Skill      XL: |  1  2  3  4  5 |
---------------+----------------+-----
Fighting       | 4 5 |  5.0
Axes           | 3 4 |  4.8
Shields        | 4 |  4.2
Armour         | 4 |  4.3
Dodging        | 1 |  1.0

Action                   |  1- 3 |  4- 6 || total
-------------------------+-------+-------++-------
Melee: War axe           |   108 |   176 ||   284
  Use: Potion            |     1 |     3 ||     4
       Scroll            |       |     3 ||     3
Armor: Scale mail        |    51 |       ||    51
       Chain mail        |     2 |   104 ||   106
Dodge: Dodged            |    30 |    43 ||    73
Block: Kite shield       |    54 |    93 ||   147
